 Seeded DCSS version 0.29-a0-219-g0a02b1cf4f (webtiles) character file.

Game seed: 13219885370010268331 (custom seed)

21 Hubjo the Sneak (level 2, 0/21 HPs)
             Began as a Vampire Enchanter on Feb 25, 2022.
             Succumbed to an adder's poison
             ... on level 4 of the Dungeon.
             The game lasted 00:04:30 (501 turns).

Hubjo the Sneak (Vampire Enchanter)                  Turns: 501, Time: 00:04:30

Health: 0/21       AC:  2    Str: 13    XL:     2   Next: 62%
Magic:  5/5        EV: 12    Int: 17    God:
Gold:   10         SH:  0    Dex: 14    Spells: 5/5 levels left

rFire   . . .      SeeInvis +   a - +1 dagger
rCold   . . .      Faith    .   (no shield)
rNeg    . . .      Spirit   .   b - +0 robe
rPois   .          Reflect  .   (no helmet)
rElec   .          Harm     .   (no cloak)
rCorr   .          Rampage  .   (no gloves)
Will    .....                   (no boots)
Stlth   +++.......              g - amulet of the acrobat
HPRegen 0.27/turn               k - +6 ring of strength
MPRegen 0.09/turn               (no ring)

@: lethally poisoned (0 -> -14), on berserk cooldown, healing quickly, slowed,
invisible, very slow
A: alive, fangs 3, see invisible, vampiric 1, MP-powered wands
a: Exsanguinate


You were on level 4 of the Dungeon.
You visited 1 branch of the dungeon, and saw 4 of its levels.

You collected 10 gold pieces.

Inventory:

Hand Weapons
 a - a +1 dagger (weapon)
Armour
 b - a +0 robe (worn)
Magical Staves
 d - a staff of air
Jewellery
 g - an amulet of the acrobat (around neck)
 k - a +6 ring of strength (left hand)
 r - a ring of protection from cold
Scrolls
 o - a scroll of immolation
Potions
 i - a potion of berserk rage
 l - a potion of mutation
 n - a potion of ambrosia {unknown}


   Skills:
 * Level 1.0 Fighting
 + Level 1.4 Short Blades
 + Level 2.4 Dodging
 * Level 5.0 Stealth
 - Level 2.0 Spellcasting
 + Level 4.6 Hexes


You had 5 spell levels left.
You didn't know any spells.
Your spell library contained the following spells:

 Spells                   Type           Power      Damage    Failure   Level
 Confusing Touch          Hex            17%        N/A       9%          3
 Tukima's Dance           Hex            17%        N/A       9%          3
 Ensorcelled Hibernation  Hex/Ice        18%        N/A       12%         2
 Dazzling Flash           Conj/Hex       18%        N/A       22%         3


Dungeon Overview and Level Annotations

Branches:
Dungeon (4/15)             Temple (0/1) D:4

Altars:

Shops:
D:1 :


Innate Abilities, Weirdness & Mutations

Your natural rate of healing is accelerated.
You have razor-sharp teeth.
You have supernaturally acute eyesight. (SInv)
You are afflicted with vampirism.
You expend magic power (3 MP) to strengthen your wands.


Message History

As you read the scroll labelled WAGHIBB FUYHU, it crumbles to dust.
You hear a loud clanging noise!
It was a scroll of noise.
You hear an angry hiss. x2; You hear a shout!
As you read the scroll labelled TAIHIA ICUICW, it crumbles to dust.
It is a scroll of identify.
o - a scroll of immolation It was a potion of berserk rage.
A red film seems to cover your vision as you go berserk!
You feel yourself moving faster!
You feel mighty!
You feel a strong urge to attack something.
The door flies open with a bang!
The adder hisses angrily. x2
You feel your anger nearly subside.
There is an open door here.
You are no longer berserk.
You are exhausted.
You feel yourself slow down. The adder misses you.
The adder closely misses you.
You miss the adder. The adder misses you. The adder bites you.
You are poisoned.
The adder poisons you!
You closely miss the adder.
You feel sick. The adder bites you.
The adder barely misses you. x2; The adder bites you.
You are more poisoned.
The adder poisons you!
You closely miss the adder.
You feel very sick. The adder completely misses you. The adder bites you.
You are lethally poisoned!
The adder poisons you! The adder bites you.
You are more poisoned.
The adder poisons you! The adder barely misses you.
You're still recovering from your berserk rage.
You barely miss the adder. Your bite misses the adder.
* * * LOW HITPOINT WARNING * * *
You feel very sick. The adder closely misses you. The adder barely misses you.
The adder closely misses you. The adder bites you but does no damage.
You fade into invisibility!
You die...

#########
#.......#
###.......#
#.+...>...#
#.#...SS..# ##
#.#...@...# ..#
#######.####'####
...##............#
.........#########
..........#
...<......#
........>)#
.........##
...#....##


You could see 2 adders.

Vanquished Creatures
  An endoplasm (D:3)
  A goblin (D:1)
  A hobgoblin (D:3)
  3 jackals (D:1)
  A ball python (D:3)
  2 bats
  A frilled lizard (D:1)
10 creatures vanquished.

Vanquished Creatures (collateral kills)
  An adder (D:3)
1 creature vanquished.

Grand Total: 11 creatures vanquished

Notes
Turn   | Place    | Note
-------+----------+-------------------------------------------
     0 | D:1      | Hubjo the Vampire Enchanter began the quest for the Orb.
     0 | D:1      | Reached XP level 1. HP: 13/13 MP: 3/3
    20 | D:1      | Found Arhuwn's Book Shop.
   189 | D:1      | You fall into a shaft and drop 1 floor!
   258 | D:2      | Reached XP level 2. HP: 19/20 MP: 5/5
   274 | D:2      | Noticed an ogre
   446 | D:3      | You fall into a shaft and drop 1 floor!
   446 | D:4      | Found a staircase to the Ecumenical Temple.
   447 | D:4      | HP: 1/20 [poisoned by an adder]
   448 | D:4      | Gained mutation: You expend magic power (3 MP) to
                  | strengthen your wands. [potion of mutation]
   470 | D:3      | Reached skill level 1 in Fighting
   470 | D:3      | Reached skill level 5 in Stealth
   501 | D:4      | Succumbed to an adder's poison

Illustrated notes

Levels and vault maps discovered:
D:1:      dpeg_arrival_tiny_d, layout_rooms, serial_shops, shop,
          dilly_ecumenical_altar_fadedgnrine, nicolae_wormholes
D:2:      layout_loops_cross, minmay_pentomino_r4
D:3:      layout_basic, ebering_ghost_sewer_d
D:4:      layout_rooms, mainiacjoe_overflow_small_starburst, temple_green

Skill      XL: |  1  2 |
---------------+-------+-----
Fighting       | 1 |  1.0
Stealth        | 5 |  5.0
Short Blades   | |  1.4
Dodging        | |  2.4
Spellcasting   | |  2.0
Hexes          | |  4.6

Action                   || total
-------------------------++-------
Melee: Dagger            ||    44
       Bite              ||     2
  Use: Scroll            ||     9
       Potion            ||     4
 Stab: Sleeping          ||     1
Armor: Robe              ||    10
Dodge: Dodged            ||   118

Table legend: (Time is in decaauts)
 A = Elapsed time spent in this place.
 B = Non-inter-level travel time spent in this place.
 C = Inter-level travel time spent in this place.
 D = Time resting spent in this place.
 E = Time spent auto-exploring this place.
 F = Levels seen in this place.
 G = Mean time per level.
                   A        B        C        D        E       F      G
               +--------+--------+--------+--------+--------+-----+--------+
         Total |    498 |    470 |     28 |     31 |     69 |   4 |  124.5 |
       Dungeon |    498 |    470 |     28 |     31 |     69 |   4 |  124.5 |
               +--------+--------+--------+--------+--------+-----+--------+

Top non-repeatable levels by time:
     D:1: 187 daAuts
     D:2: 157 daAuts
     D:3: 113 daAuts
     D:4: 40 daAuts
